Build Orders - Match 24843423 - cohdb - Company of Heroes 3 Replays
cohdb
Replays
Latest Replays
All Replays
Popular Replays
Top Player Replays
Match Explorer
How It Works
Community
CoH3 Stats
Reddit
Sign in to upload your games and track your stats! →
Sign in with Steam
Match 24843423
Unlisted
Match 24843423
Overview
Messages
Build Orders
End
Panzergrenadier Squad
250 Light Carrier
Selects Armored Support Battlegroup
Construct Light Support Kompanie
Combat Half-tracks
Construct Mechanized Kompanie
Vehicle Survival Package
8 Rad Armored Car
Selects Superior Fire Drills
Panzerjäger Mechanized Group
8 Rad Armored Car
Advanced Field Repairs
8 Rad Armored Car
Tungsten Core Ammunition
Selects Salvage Kits
Veteran Squad Leaders
Construct Panzerarmee Kommand
Selects Panzer Storm
Assault Mechanized Group
Selects Stuka Anti-tank Loiter
Emergency Repair Kits
Destroyer
K. Ronaldo
Muad'Dib
ConcernedApe
0
0
Comments
sign in to comment!
No comments posted yet!